 Dungeon Crawl Stone Soup version 0.27.1-33-g824d729ab1 (webtiles) character file.

Game seed: 10495800208414251879

184 pkoi the Grasshopper (level 5, -2/41 HPs)
             Began as a Draconian Warper on Dec 6, 2021.
             Slain by an orc (3 damage)
             ... on level 5 of the Dungeon.
             The game lasted 00:04:53 (6013 turns).

pkoi the Grasshopper (Draconian Warper)             Turns: 6013, Time: 00:04:54

Health: -2/41      AC:  5    Str: 10 (13) XL:     5   Next: 36%
Magic:  9/9        EV: 12    Int: 12 (15) God:
Gold:   171        SH:  0    Dex:  9 (10) Spells: 4/9 levels left

rFire    . . .     SeeInvis .     - Unarmed
rCold    . . .     Faith    .   (no shield)
rNeg     . . .     Spirit   .   (armour unavailable)
rPois    .         Reflect  .   (helmet restricted)
rElec    .         Harm     .   (no cloak)
rCorr    +         Rampage  .   (no gloves)
Will     .....                  (no boots)
Stlth    +.........             (no amulet)
HPRegen  0.13/turn              d - ring of resist corrosion
MPRegen  0.11/turn              (no ring)

@: no status effects
A: AC +5, unfitting armour, cold-blooded
a: no special abilities


You were on level 5 of the Dungeon.
You visited 1 branch of the dungeon, and saw 5 of its levels.

You collected 171 gold pieces.

Inventory:

Hand Weapons
 j - a +0 dagger of venom
Missiles
 b - 5 boomerangs of dispersal (quivered)
 l - 2 datura-tipped darts
 m - 6 poisoned darts
Jewellery
 d - a ring of resist corrosion (left hand)
Scrolls
 a - 2 scrolls of blinking
 g - a scroll of fear {unknown}
 h - 4 scrolls of identify {unknown}
Potions
 c - a potion of might {unknown}
 e - 2 potions of lignification
 f - 3 potions of degeneration
 i - a potion of curing
 k - 2 potions of attraction {unknown}
 n - a potion of ambrosia {unknown}


   Skills:
 - Level 2.1 Fighting
 - Level 0.8 Throwing
 - Level 2.1 Dodging
 + Level 4.1 Unarmed Combat
 - Level 2.8 Spellcasting
 * Level 4.3 Translocations


You had 4 spell levels left.
You knew the following spells:

 Your Spells              Type           Power      Damage    Failure   Level
a - Blink                 Tloc           N/A        N/A       6%          2
b - Gell's Gravitas       Tloc           6%         N/A       13%         3

Your spell library contained the following spells:

 Spells                   Type           Power      Damage    Failure   Level
 Lesser Beckoning         Tloc           6%         N/A       13%         3
 Teleport Other           Tloc           12%        N/A       13%         3
 Shock                    Conj/Air       4%         1d3       26%         1
 Swiftness                Air            1%         N/A       58%         3
 Airstrike                Air            0%         N/A       94%         4
 Manifold Assault         Tloc           12%        N/A       75%         5


Dungeon Overview and Level Annotations

Branches:
Dungeon (5/15)
 Temple: D:4-7

Altars:
Fedhas
Gozag
Nemelex Xobeh
Vehumet

Shops:
D:5 (

Annotations:
D:2 1 runed translucent door, Crazy Yiuf


Innate Abilities, Weirdness & Mutations

Your plain brown scales are hard. (AC +5)
You cannot fit into any form of body armour.
You are cold-blooded and may be slowed by cold attacks.


Message History

An orc is nearby!
Items here: ))) [[ †.
The orc shouts!
You hear a shout!
You barely miss the orc. The orc hits you with a +0 dagger.
* * * LOW HITPOINT WARNING * * *
You hit the orc.
The orc is moderately wounded.
The orc hits you with a +0 dagger.
* * * LOW HITPOINT WARNING * * *
You closely miss the orc. You tail-slap the orc.
The orc is severely wounded.
The orc barely misses you.
You barely miss the orc.
The orc is severely wounded.
The orc hits you but does no damage.
You hit the orc.
You kill the orc!
An orc comes into view. It is wielding a +0 mace.
Items here: ))) [[ †.
The orc shouts!
You hear a shout!
An orc is nearby!
An orc is nearby!
Items here: ))) [[ †.
You closely miss the orc. The orc hits you with a +0 mace.
* * * LOW HITPOINT WARNING * * *
You hit the orc.
The orc is heavily wounded.
The orc closely misses you.
You hit the orc.
The orc is almost dead.
The orc hits you with a +0 mace.
* * * LOW HITPOINT WARNING * * *
You closely miss the orc.
The orc is almost dead.
The orc hits you with a +0 mace.
* * * LOW HITPOINT WARNING * * *
You barely miss the orc.
The orc is almost dead.
The orc hits you with a +0 mace.
You die...

♣......... ..
♣......... ..
♣.........
##>♣♣♣♣♣♣♣.<.......
#..................
##..................
#...<∩.###.###.#.##.
#......###......##
#>.....@o).......
#.....####.####...
#..... .# ### #.....
## #..... #.....
######


You could see an orc.

Vanquished Creatures
  A hound (D:4)
  An adder (D:5)
  4 gnolls (D:3)
  An adder zombie (D:5)
  An adder skeleton (D:4)
  2 worms
  4 dart slugs
  6 orcs
  6 ball pythons
  6 endoplasms
  A giant cockroach (D:4)
  5 goblins
  10 hobgoblins
  3 jackals (D:3)
  4 quokkas
  10 bats
  A frilled lizard (D:1)
  9 kobolds
  5 rats
80 creatures vanquished.

Notes
Turn   | Place    | Note
-------+----------+-------------------------------------------
     0 | D:1      | pkoi the Draconian Warper began the quest for the Orb.
     0 | D:1      | Reached XP level 1. HP: 17/17 MP: 3/3
   559 | D:1      | Reached XP level 2. HP: 24/24 MP: 5/5
  1282 | D:1      | Reached XP level 3. HP: 29/29 MP: 6/6
  2912 | D:2      | Found a runed translucent door.
  2913 | D:2      | Noticed Crazy Yiuf
  3703 | D:3      | Reached XP level 4. HP: 20/36 MP: 7/7
  4119 | D:3      | Found a radiant altar of Vehumet.
  5196 | D:4      | Found a blossoming altar of Fedhas.
  5213 | D:3      | Learned a level 2 spell: Blink
  5217 | D:3      | Learned a level 3 spell: Gell's Gravitas
  5302 | D:4      | Found a sparkling altar of Nemelex Xobeh.
  5369 | D:4      | Reached XP level 5. HP: 32/41 MP: 9/9
  5763 | D:4      | Found an opulent altar of Gozag.
  5906 | D:5      | Entered Level 5 of the Dungeon
  5906 | D:5      | Found Kainehu's Weapon Boutique.
  6012 | D:5      | HP: 1/41 [orc (6)]
  6013 | D:5      | Slain by an orc

Illustrated notes

Levels and vault maps discovered:
D:1:      matt_arrival_grand_opening, layout_loops_corners
D:2:      layout_loops_corners, kennysheep_generic_room_14,
          uniq_crazy_yiuf_cottage
D:3:      layout_loops_ring, lemuel_crystal_altar
D:4:      layout_basic, nemelex_diamond_rough_becter, grunt_gozag_statues,
          lemuel_doored_altar
D:5:      layout_rooms, mainiacjoe_overflow_alcove_1, serial_shops, shop,
          uniq_eustachio

Skill      XL: |  1  2  3  4 |
---------------+-------------+-----
Unarmed Combat | 3 4 |  4.1
Translocations | 4 |  4.3
Fighting       | |  2.1
Throwing       | |  0.8
Dodging        | |  2.1
Spellcasting   | |  2.8

Action                   |  1- 3 |  4- 6 || total
-------------------------+-------+-------++-------
Melee: Unarmed           |   207 |    75 ||   282
       Tailslap          |    16 |    12 ||    28
       Dagger            |    14 |    61 ||    75
  Use: Potion            |       |     3 ||     3
 Stab: Sleeping          |     2 |     1 ||     3
Armor: Skin              |    55 |    60 ||   115
Dodge: Dodged            |   152 |    93 ||   245
